 Dungeon Crawl Stone Soup version 0.16.2-12-gd0ad4c3 (webtiles) character file.

340 faibistes the Magician (level 6, 0/32 HPs)
             Began as a Deep Elf Wizard on Feb 17, 2018.
             Was an Initiate of Sif Muna.
             Succumbed to a water moccasin's poison
             ... on level 4 of the Dungeon.
             The game lasted 00:08:34 (4254 turns).

faibistes the Magician (Deep Elf Wizard)            Turns: 4254, Time: 00:08:34

Health: 0/32       AC:  3    Str:  4    XL:     6   Next: 30%
Magic:  22/22      EV: 14    Int: 27    God:    Sif Muna [......]
Gold:   174        SH:  0    Dex: 13    Spells: 6 memorised, 5 levels left

rFire  + . .     SeeInvis +     g - +0 dagger
rCold  . . .     Clarity  .     a - +0 robe
rNeg   . . .     SustAb   .     (no shield)
rPois  .         Gourm    +     b - +0 hat
rElec  .         Spirit   .     f - +0 cloak
rCorr  .         Warding  .     (no gloves)
rMut   .         Stasis   .     (no boots)
MR     .....                    m - amulet of the gourmand
Stlth  ++........               (no ring)
                                r - ring of see invisible

@: lethally poisoned (0 -> -8), very slightly contaminated, hasted, repel
missiles, very quick, not resistant to hostile enchantments, unstealthy
A: clever 1, fire resistance 1, sense surroundings 1
a: Renounce Religion


You were on level 4 of the Dungeon.
You worshipped Sif Muna.
Sif Muna was noncommittal.
You were very full.

You visited 2 branches of the dungeon, and saw 6 of its levels.

You collected 174 gold pieces.

Inventory:

Hand weapons
 g - a +0 dagger (weapon)
Armour
 a - a +0 robe (worn)
 b - a +0 hat (worn)
 f - a +0 cloak (worn)
Jewellery
 h - an uncursed amulet of rage
 m - an amulet of the gourmand (around neck)
 r - a ring of see invisible (left hand)
Scrolls
 i - 2 scrolls of random uselessness
 k - a scroll of remove curse
Potions
 e - a potion of restore abilities
 j - a potion of agility
 l - a potion of might
 n - a potion of flight
 o - a potion of lignification
Books
 c - a book of Minor Magic

   Spells                             Type                      Level
   a - Magic Dart                     Conjuration                  1
   b - Blink                          Translocation                2
   c - Call Imp                       Summoning                    2
   d - Repel Missiles                 Charms/Air                   2
   e - Slow                           Hexes                        2
   f - Conjure Flame                  Conjuration/Fire             3
   g - Mephitic Cloud                 Conjuration/Poison/Air       3
Comestibles
 d - a bread ration
 v - a meat ration


   Skills:
 + Level 4.3 Dodging
 - Level 2.4 Stealth
 * Level 6.7 Spellcasting
 - Level 3.9 Conjurations
 - Level 1.1 Summonings
 * Level 2.5 Translocations


You had 5 spell levels left.
You knew the following spells:

 Your Spells              Type           Power        Failure   Level  Hunger
a - Magic Dart            Conj           ####         1%          1    None
b - Conjure Flame         Conj/Fire      ###.....     10%         3    None
c - Call Imp              Summ           ###.....     8%          2    None
d - Blink                 Tloc           N/A          3%          2    None
e - Mephitic Cloud        Conj/Pois/Air  ###.....     14%         3    None
f - Repel Missiles        Chrm/Air       #.....       12%         2    None


Dungeon Overview and Level Annotations

Branches:
Dungeon (5/15)             Temple (1/1) D:4

Altars:
Ashenzari
Cheibriados
Dithmenos
Elyvilon
Fedhas
Gozag
Makhleb
Nemelex Xobeh
Okawaru
Qazlal
Ru
Sif Muna
Trog
Vehumet
Xom
Yredelemnul
Zin
The Shining One

Shops:
D:4 *


Innate Abilities, Weirdness & Mutations

Your mind is acute. (Int +2)
Your flesh is heat resistant.
You passively map a small area around you.


Message History

* * * LOW HITPOINT WARNING * * *
You feel sick.
You aren't carrying any items that can be evoked.
Unknown command.
Read which item? (? for menu, Esc to quit)
As you read the scroll labeled SOPHUWK CREAR, it crumbles to dust.
You assume a fearsome visage.
Nothing appears to happen.
It was a scroll of fear.
* * * LOW HITPOINT WARNING * * *
You feel sick.
There is a lethal amount of poison in your body!
* * * LOW HITPOINT WARNING * * *
You feel sick.
* * * LOW HITPOINT WARNING * * *
You feel sick.
You see here a ball python corpse.
* * * LOW HITPOINT WARNING * * *
You feel sick.
You see here a ball python corpse.
You die...

#......# #.#
#.....####
####...# #.#
#######
#######...#####.#
#............##.#
#............##.#
#............##†#
#######
##............##†#
#......
....####.#...###.#
#...... ....#
#.#.#.# #@#
#...... ....#
#.#.#..#..#
#......
....####.#.# ##'##
* #......
#......#.# .. *,
#...... #.####.#.#
#.∩,* #...... #.#
#.#.# #.. ##'###.
#+####'#.#, ##+ ,
#.# #. .........#
#.# #. .........#
, * #.# #.


There were no monsters in sight!

Vanquished Creatures
  A water moccasin (D:4)
  Blork the orc (D:4)
  A worker ant (D:4)
  A worker ant zombie (D:4)
  4 adders
  6 worms
  An adder skeleton (D:4)
  A giant gecko (D:4)
  4 orcs (D:4)
  4 giant cockroaches
  4 hobgoblins
  A quokka (D:4)
  6 ball pythons
  3 bats
  A giant newt (D:2)
  7 goblins
  5 kobolds
  8 rats
59 creatures vanquished.

Notes
Turn   | Place    | Note
--------------------------------------------------------------
     0 | D:1      | faibistes, the Deep Elf Wizard, began the quest for the Orb.
     0 | D:1      | Reached XP level 1. HP: 10/10 MP: 6/6
   171 | D:1      | You fall through a shaft!
   464 | D:1      | Reached XP level 2. HP: 15/15 MP: 6/9
   494 | D:1      | Learned a level 2 spell: Blink
   497 | D:1      | Learned a level 2 spell: Call Imp
  1101 | D:2      | Reached XP level 3. HP: 17/19 MP: 3/13
  1106 | D:2      | Learned a level 3 spell: Conjure Flame
  1110 | D:2      | Learned a level 3 spell: Mephitic Cloud
  1331 | D:2      | Reached skill level 5 in Spellcasting
  2020 | D:3      | Reached XP level 4. HP: 24/24 MP: 12/17
  2032 | D:3      | Learned a level 2 spell: Repel Missiles
  2557 | D:3      | Found a glowing golden altar of the Shining One.
  2843 | D:4      | Found a shimmering altar of Xom.
  2845 | D:4      | Noticed Blork the orc
  3052 | D:4      | Found a blossoming altar of Fedhas.
  3053 | D:4      | Found a shadowy altar of Dithmenos.
  3054 | D:4      | Found a white marble altar of Elyvilon.
  3055 | D:4      | Found a basalt altar of Yredelemnul.
  3079 | D:5      | Entered Level 5 of the Dungeon
  3079 | D:5      | Noticed a phantom
  3272 | D:4      | Killed Blork the orc
  3272 | D:4      | Reached skill level 6 in Spellcasting
  3272 | D:4      | Reached XP level 5. HP: 23/28 MP: 3/20
  3744 | D:4      | Found a staircase to the Ecumenical Temple.
  3754 | Temple   | Entered the Ecumenical Temple
  3819 | Temple   | Became a worshipper of Sif Muna the Loreminder
  4223 | D:4      | Found Rikep's Serpentskin Sales.
  4225 | D:4      | Noticed a water moccasin
  4236 | D:4      | Killed a water moccasin
  4236 | D:4      | Reached XP level 6. HP: 17/32 MP: 13/22
  4242 | D:4      | Gained mutation: Your mind is acute. (Int +2) [potion of mutation]
  4242 | D:4      | Gained mutation: You passively map a small area around you. [potion of mutation]
  4242 | D:4      | Gained mutation: Your flesh is heat resistant. [potion of mutation]
  4252 | D:4      | HP: 1/32 [poisoned by a water moccasin]
  4254 | D:4      | Succumbed to a water moccasin's poison

Action                   |  1- 3 |  4- 6 || total
-------------------------+-------+-------++-------
Melee: Dagger            |     7 |     8 ||    15
 Cast: Magic Dart        |   101 |    62 ||   163
       Mephitic Cloud    |     1 |     3 ||     4
       Conjure Flame     |       |     5 ||     5
       Repel Missiles    |       |     1 ||     1
  Use: Scroll            |     4 |     4 ||     8
       Potion            |       |     3 ||     3
 Stab: Sleeping          |     2 |       ||     2
  Eat: Chunk             |     9 |    12 ||    21
